 Dungeon Crawl Stone Soup version 0.21-a0-321-g91e3373 (webtiles) character file.

1280 tidbits the Charmwright (level 8, 64/64 HPs)
             Began as a Gnoll Skald on Sept 30, 2017.
             Quit the game on level 3 of the Dungeon.
             The game lasted 00:17:21 (2790 turns).

tidbits the Charmwright (Gnoll Skald)               Turns: 2790, Time: 00:17:22

Health: 64/64      AC: 12    Str: 13    XL:     8   Next: 54%
Magic:  16/16      EV: 14    Int: 18    God:
Gold:   360        SH:  5    Dex: 15    Spells: 7/18 levels left

rFire    . . .     SeeInvis .   a - +0 falchion
rCold    . . .     Gourm    .   D - +0 buckler
rNeg     . . .     Faith    .   B - +0 ring mail
rPois    .         Spirit   .   E - +0 helmet
rElec    .         Reflect  .   (no cloak)
rCorr    .         Harm     .   (no gloves)
MR       .....                  F - +0 pair of boots
Stlth    +.........             R - amulet of regeneration
HPRegen  0.60/turn              (no ring)
MPRegen  0.15/turn              U - +4 ring of protection

@: no status effects
A: distributed training, fangs 1, strong nose
a: no special abilities


You were on level 3 of the Dungeon.
You were not hungry.

You visited 2 branches of the dungeon, and saw 8 of its levels.

You collected 360 gold pieces.

Inventory:

Hand Weapons
 a - a +0 falchion (weapon)
 d - the +4 dagger of Doubt {pierce, rF++ Stlth-}
   (You found it on level 4 of the Dungeon)

   It inflicts extra damage upon your enemies.
   It greatly protects you from fire.
   It makes you less stealthy.
Missiles
 f - 9 javelins (quivered)
 l - 3 curare-tipped needles
 t - 12 arrows
Armour
 B - a +0 ring mail (worn)
 D - a +0 buckler (worn)
 E - a +0 helmet (worn)
 F - a +0 pair of boots (worn)
Magical Staves
 w - an uncursed staff of wizardry {!a}
   (You found it on level 5 of the Dungeon)
Jewellery
 R - an amulet of regeneration (around neck)
   (You found it on level 4 of the Dungeon)
 U - a +4 ring of protection (right hand)
   (You found it on level 6 of the Dungeon)
Wands
 s - a wand of clouds (0/9)
 x - a wand of scattershot (7/9)
Scrolls
 h - 2 scrolls of enchant armour
 i - 3 scrolls of remove curse
 j - 2 scrolls of recharging {unknown}
 k - a scroll of enchant weapon {unknown}
 m - 3 scrolls of teleportation
 o - a scroll of amnesia {unknown}
 v - a scroll of acquirement {unknown}
 y - a scroll of blinking {unknown}
 z - a scroll of noise {unknown}
 G - a scroll of immolation {unknown}
 H - a scroll of fog {unknown}
Potions
 b - 2 potions of heal wounds {unknown}
 e - 2 potions of magic {unknown}
 n - a potion of curing
 p - a potion of brilliance
 q - 2 potions of lignification {unknown}
 r - a potion of degeneration {unknown}
 A - a potion of invisibility {unknown}
Books
 c - a book of Battle

   Spells                             Type                      Level
   a - Infusion                       Charms                       1
   b - Shroud of Golubria             Charms/Translocation         2
   c - Song of Slaying                Charms                       2
   d - Spectral Weapon                Hexes/Charms                 3
   e - Regeneration                   Charms/Necromancy            3
Comestibles
 g - a meat ration
 u - 6 bread rations
 C - 2 fruits


   Skills:
 + Level 5.7 Fighting
 + Level 2.3 Short Blades
 + Level 5.9 Long Blades
 + Level 2.8 Axes
 + Level 2.6 Maces & Flails
 + Level 3.7 Polearms
 + Level 2.3 Staves
 + Level 4.0 Slings
 + Level 3.1 Bows
 + Level 3.3 Crossbows
 + Level 3.7 Throwing
 + Level 4.0 Armour
 + Level 5.8 Dodging
 + Level 2.3 Stealth
   Level 0.0 Stabbing
 + Level 3.7 Shields
   Level 0.0 Traps
 + Level 3.5 Unarmed Combat
 + Level 5.6 Spellcasting
 + Level 3.5 Conjurations
 + Level 3.5 Hexes
 + Level 7.1 Charms
 + Level 3.1 Summonings
 + Level 1.7 Necromancy
 + Level 3.5 Translocations
 + Level 2.8 Transmutations
 + Level 3.7 Fire Magic
 + Level 1.7 Ice Magic
 + Level 3.5 Air Magic
 + Level 3.3 Earth Magic
 + Level 3.7 Poison Magic
 + Level 3.3 Invocations
 + Level 3.3 Evocations


You had 7 spell levels left.
You knew the following spells:

 Your Spells              Type           Power        Failure   Level  Hunger
g - Shroud of Golubria    Chrm/Tloc      ###.......   4%          2    None
i - Infusion              Chrm           ####         1%          1    None
r - Regeneration          Chrm/Necr      ###.......   13%         3    ##.....
s - Song of Slaying       Chrm           ####....     2%          2    None
w - Spectral Weapon       Hex/Chrm       ###.....     9%          3    ##.....


Dungeon Overview and Level Annotations

Branches:
Dungeon (7/15)             Temple (1/1) D:6

Altars:
Ashenzari
Dithmenos
Elyvilon
Gozag
Hepliaklqana
Kikubaaqudgha
Makhleb
Nemelex Xobeh
Okawaru
Qazlal
Ru
Sif Muna
Trog
Uskayaw
Wu Jian
Xom
Yredelemnul
Zin
The Shining One


Innate Abilities, Weirdness & Mutations

Your experience applies equally to all skills.
You have very sharp teeth.
Your uncanny sense of smell can sniff out nearby items.


Message History

Your shroud falls apart!
The orc warrior freezes you.
Casting: Spectral Weapon
Confirm with . or Enter, or press ? or * to list all spells.
You draw out your weapon's spirit!
The orc wizard casts a spell at you. The magic dart hits you!
You block the orc warrior's attack.
The orc warrior hits you but does no damage.
You hit the orc warrior but do no damage.
Your spectral weapon hits the orc warrior but does no damage.
The orc wizard points at you and mumbles some strange words.
You feel yourself slow down. You block the orc warrior's attack.
You closely miss the orc warrior. You bite the orc warrior.
The orc warrior is lightly wounded.
Your spectral weapon hits the orc warrior but does no damage.
The orc wizard mumbles some strange words.
The orc wizard seems to speed up.
The orc warrior hits you with a halberd of freezing.
The orc warrior freezes you.
The orc wizard gestures at you while chanting.
The magic dart hits you!
You barely miss the orc warrior.
The orc warrior is lightly wounded.
Your spectral weapon hits the orc warrior.
The orc warrior hits your spectral weapon with a halberd of freezing!!
Your spectral weapon shares its damage with you!
The orc warrior freezes your spectral weapon.
Your spectral weapon fades away.
The orc warrior shouts!
Okay, then.
The orc warrior closely misses you. The orc wizard hits you with a dagger.
The orc warrior hits you but does no damage.
The orc wizard hits you but does no damage.
The orc wizard gestures at you while chanting.
The magic dart hits you!
There is a stone staircase leading down here.
The orc wizard hits you but does no damage.
You climb downwards.
There is a stone staircase leading up here.
Okay, then.
You see here 20 sling bullets.
Your magical contamination has completely faded away.
You feel yourself speed up.
There is a stone staircase leading up here.
You climb upwards.
There is a stone staircase leading down here.
Found a scroll labeled BURPHE BA GEON.
A dart slug comes into view.
j - 2 scrolls labeled BURPHE BA GEON (gained 1)
There are no items here.
Some of the chunks of flesh in your inventory have rotted away.
You hit the dart slug but do no damage. The dart slug barely misses you.
You riposte.
You hit the dart slug. You bite the dart slug.
The dart slug is moderately wounded.
You hit the dart slug.
The dart slug is almost dead.
You hit the dart slug.
You kill the dart slug!
You are feeling hungry.
Evoke which item? (* to show all) (? for menu, Esc to quit)
Okay, then.
Eating a chunk of flesh.
You eat the chunk of flesh.
This raw flesh tastes terrible.
There is a stone staircase leading up here.
You climb upwards.
A hobgoblin comes into view. It is wielding a club.
The hobgoblin shouts!
There is a stone staircase leading down here.
You hit the hobgoblin.
You bite the hobgoblin, but do no damage.
The hobgoblin is almost dead.
The hobgoblin closely misses you.
You closely miss the hobgoblin.
The hobgoblin is almost dead.
The hobgoblin hits you but does no damage.
You hit the hobgoblin but do no damage.
The hobgoblin is almost dead.
The hobgoblin misses you.
You hit the hobgoblin but do no damage.
The hobgoblin is almost dead.
You block the hobgoblin's attack.
You hit the hobgoblin.
You kill the hobgoblin!
A goblin comes into view.
You see here a club.
The goblin shouts!
Found 20 gold pieces.
You block the goblin's attack.
You see here 20 gold pieces.
You now have 349 gold pieces (gained 20).
The goblin closely misses you.
You riposte.
You closely miss the goblin.
A frilled lizard comes into view.
Found 11 gold pieces.
There are no items here.
You see here 11 gold pieces.
You now have 360 gold pieces (gained 11).
The goblin barely misses you.
You riposte.
You barely miss the goblin. You block the goblin's attack.
Are you sure you want to abandon this character and quit the game? (Confirm with "yes".)

......###### #..#########..#
##.........# #.............#
#[##.####.####.#########.##
#.##.# .##..#..........# #.##.#
.##.#.########### #.##.#
.##)#...# #.##.#
.##.###.############### #.##.#
.##.###................
##.##.####.##<..@..##############
.....(>......(.##g##
##.........######.# ####..#####
#.# #..# #.# #..# #l# #..# #.#
#..# #######.# #####..# #.l.....#


You could see a goblin and a frilled lizard.

Vanquished Creatures
  2 ice beasts
  5 ogres
  A bullfrog (D:6)
  A scorpion (D:7)
  2 crimson imps
  A bullfrog zombie (D:2)
  2 hounds
  A jelly (D:6)
  A centaur skeleton (D:4)
  A centaur zombie (D:7)
  An orc wizard (D:3)
  2 worker ants
  3 gnolls (D:5)
  11 adders
  2 shadow imps
  An ooze (D:5)
  A dart slug (D:4)
  3 leopard geckos
  14 orcs
  A ball python (D:2)
  4 giant cockroaches
  7 goblins
  12 hobgoblins
  11 jackals
  2 quokkas
  8 bats
  4 frilled lizards
  5 kobolds
  A leopard gecko skeleton (D:5)
  A quokka zombie (D:5)
  7 rats
118 creatures vanquished.

Vanquished Creatures (others)
  An orc wizard (D:2)
  An adder (D:2)
  4 spectral weapons
6 creatures vanquished.

Grand Total: 124 creatures vanquished

Notes
Turn   | Place    | Note
-------+----------+-------------------------------------------
     0 | D:1      | tidbits the Gnoll Skald began the quest for the Orb.
     0 | D:1      | Reached XP level 1. HP: 20/20 MP: 6/6
    95 | D:1      | Reached XP level 2. HP: 26/26 MP: 1/7
    99 | D:1      | Learned a level 2 spell: Song of Slaying
   102 | D:1      | Learned a level 2 spell: Shroud of Golubria
   226 | D:1      | Reached skill level 1 in Staves
   287 | D:2      | Reached skill level 1 in Slings
   287 | D:2      | Reached skill level 5 in Spellcasting
   287 | D:2      | Reached XP level 3. HP: 21/31 MP: 0/9
   291 | D:2      | Reached skill level 1 in Shields
   305 | D:1      | Learned a level 3 spell: Regeneration
   309 | D:1      | Learned a level 3 spell: Spectral Weapon
   321 | D:1      | Reached skill level 1 in Evocations
   404 | D:2      | Found a shadowy altar of Dithmenos.
   425 | D:2      | Found a bloodstained altar of Trog.
   433 | D:2      | Reached skill level 1 in Unarmed Combat
   437 | D:2      | Reached skill level 1 in Conjurations
   453 | D:2      | Reached skill level 1 in Axes
   453 | D:2      | Reached skill level 2 in Conjurations
   453 | D:2      | Reached skill level 1 in Poison Magic
   453 | D:2      | Reached XP level 4. HP: 15/38 MP: 1/11
   560 | D:2      | Reached skill level 1 in Crossbows
   560 | D:2      | Reached skill level 5 in Dodging
   575 | D:2      | Reached skill level 1 in Air Magic
   575 | D:2      | Reached skill level 2 in Poison Magic
   579 | D:2      | Reached skill level 1 in Hexes
   593 | D:2      | Reached skill level 2 in Unarmed Combat
   674 | D:2      | Reached skill level 2 in Crossbows
   692 | D:2      | Reached skill level 1 in Polearms
   692 | D:2      | Reached skill level 1 in Fire Magic
   692 | D:2      | Reached skill level 2 in Evocations
   692 | D:2      | Reached XP level 5. HP: 41/43 MP: 10/12
   709 | D:3      | Reached skill level 1 in Short Blades
   843 | D:3      | Reached skill level 1 in Transmutations
   947 | D:3      | Reached skill level 5 in Long Blades
   990 | D:4      | Noticed an orc warrior
   993 | D:3      | Reached skill level 1 in Earth Magic
  1096 | D:5      | Entered Level 5 of the Dungeon
  1130 | D:4      | Reached skill level 2 in Staves
  1130 | D:4      | Reached skill level 1 in Summonings
  1130 | D:4      | Reached skill level 1 in Ice Magic
  1130 | D:4      | Reached skill level 1 in Invocations
  1193 | D:4      | Reached skill level 2 in Fire Magic
  1198 | D:4      | Reached skill level 2 in Slings
  1265 | D:5      | Reached skill level 1 in Throwing
  1291 | D:4      | Reached skill level 1 in Bows
  1291 | D:4      | Reached skill level 2 in Throwing
  1291 | D:4      | Reached skill level 1 in Translocations
  1291 | D:4      | Reached XP level 6. HP: 50/50 MP: 1/13
  1319 | D:4      | Got a jewelled dagger
  1320 | D:4      | Identified the +4 dagger of Doubt {pierce, rF++ Stlth-} (You found it on level 4 of the Dungeon)
  1348 | D:4      | Reached skill level 5 in Fighting
  1348 | D:4      | Reached skill level 2 in Axes
  1348 | D:4      | Reached skill level 2 in Polearms
  1348 | D:4      | Reached skill level 2 in Shields
  1361 | D:3      | Reached skill level 2 in Transmutations
  1510 | D:5      | Reached skill level 3 in Armour
  1544 | D:5      | Noticed an ice beast
  1567 | D:5      | Killed an ice beast
  1567 | D:5      | Reached skill level 2 in Short Blades
  1567 | D:5      | Reached skill level 1 in Maces & Flails
  1567 | D:5      | Reached skill level 2 in Bows
  1567 | D:5      | Reached skill level 2 in Translocations
  1567 | D:5      | Reached skill level 2 in Invocations
  1567 | D:5      | Reached XP level 7. HP: 19/56 MP: 11/14
  1602 | D:5      | Reached skill level 2 in Earth Magic
  1727 | D:5      | Reached skill level 2 in Air Magic
  1739 | D:5      | Reached skill level 2 in Hexes
  1739 | D:5      | Reached skill level 3 in Fire Magic
  1739 | D:5      | Reached skill level 3 in Poison Magic
  1752 | D:6      | Reached skill level 3 in Crossbows
  1763 | D:6      | Found a staircase to the Ecumenical Temple.
  1777 | D:6      | Reached skill level 3 in Throwing
  1777 | D:6      | Reached skill level 3 in Shields
  1777 | D:6      | Reached skill level 3 in Conjurations
  1777 | D:6      | Reached skill level 3 in Hexes
  1777 | D:6      | Reached skill level 2 in Summonings
  1777 | D:6      | Reached skill level 1 in Necromancy
  1777 | D:6      | Reached skill level 3 in Translocations
  1782 | Temple   | Entered the Ecumenical Temple
  1905 | D:6      | Reached skill level 3 in Slings
  1937 | D:6      | Reached skill level 2 in Maces & Flails
  1969 | D:6      | Reached skill level 1 in Stealth
  1969 | D:6      | Reached skill level 3 in Unarmed Combat
  1969 | D:6      | Reached skill level 7 in Charms
  1969 | D:6      | Reached XP level 8. HP: 63/63 MP: 8/16
  2032 | D:7      | Reached skill level 2 in Stealth
  2084 | D:7      | Reached skill level 3 in Air Magic
  2088 | D:7      | Reached skill level 3 in Earth Magic
  2125 | D:6      | Noticed a dagger
  2125 | D:6      | Noticed a hand axe
  2126 | D:6      | Found a hide-covered altar of Uskayaw.
  2138 | D:6      | Reached skill level 3 in Invocations
  2218 | D:6      | Found a burning altar of Makhleb.
  2218 | D:6      | Noticed a blizzard demon
  2224 | D:6      | Reached skill level 3 in Polearms
  2255 | D:6      | Reached skill level 3 in Evocations
  2462 | D:5      | Reached skill level 4 in Armour
  2515 | D:5      | Reached skill level 3 in Bows
  2518 | D:5      | Reached skill level 4 in Slings
  2521 | D:5      | Reached skill level 3 in Summonings
  2790 | D:3      | Quit the game

Vault maps used:
D:1:      dpeg_arrival_solitude, st_stairs_4
D:2:      lemuel_crystal_altar, grunt_dithmenos_smoke_and_mirrors, first_bread,
          lemuel_old_faithful
D:3:      tgw_sif
D:4:      fedhas_altar_fruit_tree
D:6:      makhleb_altar_promises_db, dancing_weapons_uskayaw,
          minmay_temple_entry_hall
Temple:   regret_index_temple_waves

Skill      XL: |  1  2  3  4  5  6  7  8 |
---------------+-------------------------+-----
Staves         | 1 2 |  2.3
Slings         | 1 2 3 4 |  4.0
Spellcasting   | 5 |  5.6
Shields        | 1 2 3 |  3.7
Evocations     | 1 2 3 |  3.3
Unarmed Combat | 1 2 3 |  3.5
Conjurations   | 2 3 |  3.5
Axes           | 1 2 |  2.8
Poison Magic   | 1 2 3 |  3.7
Crossbows      | 2 3 |  3.3
Dodging        | 5 |  5.8
Air Magic      | 1 2 3 |  3.5
Hexes          | 1 3 |  3.5
Polearms       | 1 2 3 |  3.7
Fire Magic     | 1 2 3 |  3.7
Short Blades   | 1 2 |  2.3
Transmutations | 1 2 |  2.8
Long Blades    | 5 |  5.9
Earth Magic    | 1 2 3 |  3.3
Summonings     | 1 2 3 |  3.1
Ice Magic      | 1 |  1.7
Invocations    | 1 2 3 |  3.3
Throwing       | 2 3 |  3.7
Bows           | 1 2 3 |  3.1
Translocations | 1 2 3 |  3.5
Fighting       | 5 |  5.7
Armour         | 3 4 |  4.0
Maces & Flails | 1 2 |  2.6
Necromancy     | 1 |  1.7
Stealth        | 1 2 |  2.3
Charms         | 7 |  7.1

Action                   |  1- 3 |  4- 6 |  7- 9 || total
-------------------------+-------+-------+-------++-------
Melee: Falchion          |    70 |    83 |   133 ||   286
       Bite              |    10 |     8 |    20 ||    38
       Dagger            |       |    33 |       ||    33
Throw: Javelin           |       |     4 |     1 ||     5
 Cast: Infusion          |     9 |       |       ||     9
       Spectral Weapon   |       |    15 |    17 ||    32
       Regeneration      |       |     3 |     2 ||     5
       Shroud of Golubri |       |     4 |     3 ||     7
Evoke: Wand              |       |       |     1 ||     1
  Use: Scroll            |       |     4 |     3 ||     7
 Stab: Distracted        |       |       |     1 ||     1
       Sleeping          |       |       |     1 ||     1
  Eat: Chunk             |       |     4 |     6 ||    10
Armor: Ring mail         |    13 |    43 |    44 ||   100
       Leather armour    |     2 |       |       ||     2
Dodge: Dodged            |    47 |    98 |    76 ||   221
Block: Buckler           |       |       |    13 ||    13
       Rpst.: Falchion   |    14 |    15 |    28 ||    57

Table legend:
 A = Spawn XP
 B = Non-spawn XP
 C = Spawn XP percentage of total XP
 D = Spawn monster count
 E = Non-spawn monster count
 F = Spawn count percentage of total count
 G = Total turns spent on level
                    A         B        C        D         E        F      G
               +---------+---------+-------+---------+---------+-------+---------
         Total |       0 |    1829 |   0.0 |       0 |     118 |   0.0 |  2790
               +---------+---------+-------+---------+---------+-------+---------
           D:1 |       0 |      38 |   0.0 |       0 |      25 |   0.0 |   448
           D:2 |       0 |     171 |   0.0 |       0 |      20 |   0.0 |   278
           D:3 |       0 |      80 |   0.0 |       0 |      20 |   0.0 |   411
           D:4 |       0 |     213 |   0.0 |       0 |      12 |   0.0 |   486
           D:5 |       0 |     419 |   0.0 |       0 |      19 |   0.0 |   535
           D:6 |       0 |     709 |   0.0 |       0 |      18 |   0.0 |   454
           D:7 |       0 |     199 |   0.0 |       0 |       4 |   0.0 |   100
               +---------+---------+-------+---------+---------+-------+---------

Table legend:
 A = Turns spent in this place as a percentage of turns spent in the entire game.
 B = Non-inter-level travel turns spent in this place as a percentage of non-inter-level travel turns spent in the entire game.
 C = Inter-level travel turns spent in this place as a percentage of turns spent in this place.
 D = Turns resting spent in this place as a percentage of non-inter-level travel turns spent in this place.
 E = Turns spent auto-exploring this place as a percentage of non-inter-level travel turns spent in this place.
 F = Non-inter-level travel turns spent in this place divided by the number of levels of this place that you've seen.
                   A       B       C       D       E      F
               +-------+-------+-------+-------+-------+----------------------
         Total | 100.0 | 100.0 |   2.4 |   0.0 |   0.0 | 340.2
       Dungeon |  97.2 |  97.6 |   2.0 |   0.0 |   0.0 | 379.6
        Temple |   2.8 |   2.4 |  16.7 |   0.0 |   0.0 |  65.0
               +-------+-------+-------+-------+-------+----------------------

Table legend:
 A = Kills in this place as a percentage of kills in entire the game.
 B = Kills by you in this place as a percentage of kills by you in the entire game.
 C = Kills by friends in this place as a percentage of kills by friends in the entire game.
 D = Other kills in this place as a percentage of other kills in the entire game.
 E = Experience gained in this place as a percentage of experience gained in the entire game.
 F = Experience gained in this place divided by the number of levels of this place that you have seen.
                   A       B       C       D       E      F
               +-------+-------+-------+-------+-------+----------------------
         Total | 100.0 | 100.0 |   N/A | 100.0 | 100.0 | 228.6
       Dungeon | 100.0 | 100.0 |   N/A | 100.0 | 100.0 | 261.3
               +-------+-------+-------+-------+-------+----------------------

Vault maps used:
D:1:      dpeg_arrival_solitude, st_stairs_4
D:2:      lemuel_crystal_altar, grunt_dithmenos_smoke_and_mirrors, first_bread,
          lemuel_old_faithful
D:3:      tgw_sif
D:4:      fedhas_altar_fruit_tree
D:6:      makhleb_altar_promises_db, dancing_weapons_uskayaw,
          minmay_temple_entry_hall
Temple:   regret_index_temple_waves
